 Dungeon Crawl Stone Soup version 0.28-a0-258-g8de209e91f (webtiles) character file.

Game seed: 8006405953723596053

22 robertstho the Magician (level 3, -2/26 HPs)
             Began as a Djinni Fire Elementalist on Aug 26, 2021.
             Slain by a goblin (5 damage)
             ... led by Robin
             ... on level 1 of the Dungeon.
             The game lasted 00:02:44 (1864 turns).

robertstho the Magician (Djinni Fire Elementalist)  Turns: 1864, Time: 00:02:46

Health: -2/26      AC:  3    Str:  7    XL:     3   Next: 7%
Gold:   32         EV: 12    Int: 17    God:
                   SH:  0    Dex: 13

rFire   + + .      SeeInvis .   e - +0 short sword
rCold   x . .      Faith    .   (no shield)
rNeg    . . .      Spirit   .   a - +0 robe
rPois   ∞          Reflect  .   (no helmet)
rElec   .          Harm     .   g - +0 cloak
rCorr   .          Rampage  .   (no gloves)
Will    .....                   (boots unavailable)
Stlth   ++........              (no amulet)
HPRegen 0.08/turn               (no ring)
MPRegen 0.00/turn               (no ring)

@: attractive, flying, very slightly contaminated, invisible
A: sickness immunity, fire resistance 2, cold vulnerability 1, float, innate
caster, hp casting, extra vitality 1
a: no special abilities


You were on level 1 of the Dungeon.
You visited 1 branch of the dungeon, and saw 2 of its levels.

You collected 32 gold pieces.

Inventory:

Hand Weapons
 e - a +0 short sword (weapon)
Missiles
 b - 57 stones
Armour
 a - a +0 robe (worn)
 g - a +0 cloak (worn)
Scrolls
 d - a scroll of enchant armour


   Skills:
 * Level 0.8 Fighting
 * Level 2.4 Dodging
 + Level 1.7 Stealth
 + Level 2.9 Spellcasting


You couldn't memorise any spells.
You knew the following spells:

 Your Spells              Type           Power      Damage    Failure   Level
a - Foxfire               Conj/Fire      48%        2x1d6     5%          1
b - Conjure Flame         Conj/Fire      12%        6-21      16%         3
c - Inner Flame           Hex/Fire       12%        N/A       16%         3
d - Sticky Flame          Conj/Fire      12%        2d4       45%         4
e - Fireball              Conj/Fire      6%         3d5       82%         5
f - Summon Small Mammal   Summ           48%        N/A       5%          1
Your spell library was empty.

Dungeon Overview and Level Annotations

Branches:
Dungeon (2/15)

Altars:

Annotations:
D:2 Robin


Innate Abilities, Weirdness & Mutations

You are immune to sickness and miasma.
You are immune to poison.
Your flesh is very heat resistant. (rF++)
You are vulnerable to cold. (rC-)
You float through the air rather than walking.
You learn spells naturally, not from books.
Your magical power is your life essence.
You have superior vitality. (+4 HP)


Message History

The goblin shouts!
You hear a shout!
You hit the goblin.
The goblin is heavily wounded.
The goblin shoots a stone.
The stone barely misses you.
The stone barely misses the goblin.
The goblin hits you with a +0 club. Robin throws the goblin at you!
Unknown command.
Casting: Foxfire (safe; 5% risk of failure)
Confirm with . or Enter, or press ? or * to list all spells.
You aren't experienced enough to cast this spell.
Okay, then.
The goblin hits you with a +0 dagger. The goblin hits you with a +0 club.
The goblin hits you but does no damage.
The goblin shoots a stone.
The stone barely misses you.
The stone closely misses the goblin.
You fly upwards.
There is a stone staircase leading down here.
Unknown command.
As you read the scroll labelled ZAMOJO WEAS, it crumbles to dust.
It is a scroll of identify.
d - a scroll of enchant armour The goblin closely misses you.
The goblin barely misses you. The goblin hits you but does no damage.
Okay, then.
It was a potion of invisibility.
You fade into invisibility!
The goblin barely misses you. x3
You are very lightly contaminated with residual magic.
It was a potion of attraction.
You feel attractive to monsters. The goblin misses you.
The goblin barely misses you. The goblin hits you with a +0 dagger.
You aren't carrying any items that you can evoke.
Casting: Foxfire (safe; 5% risk of failure)
Confirm with . or Enter, or press ? or * to list all spells.
You miscast Summon Small Mammal.
Nothing appears to happen.
* * * LOW HITPOINT WARNING * * *
The goblin hits you with a +0 dagger.
* * * LOW HITPOINT WARNING * * *
The goblin hits you with a +0 club.
You die...

#.##...............##.# #.#
#.##...............##.# #.#
#.##########...#.#.##.# #.#
...............#.#.##.# #.#
###########........##.# #.#
#.#..............####.# #.######
#.#..........##..[....####.......
..#.#######..##gg######..........
#.#.......#....g@# #..........
#.#.####.###.###### #..........
#.#...............# #..........
.÷#.###.#......##.# ##..........
#..............##.####...........
#.#.###.#......##................
..#.# #.#########.####.....######
..#.# #.########### #.....# ..#.#
#..........#####.....######


You could see 3 goblins.

Vanquished Creatures
  A giant cockroach (D:1)
  2 hobgoblins
  2 jackals (D:1)
  A quokka (D:1)
  4 ball pythons (D:1)
  4 bats (D:1)
  3 frilled lizards (D:1)
  A kobold (D:1)
  5 rats (D:1)
23 creatures vanquished.

Vanquished Creatures (others)
  94 foxfires
94 creatures vanquished.

Grand Total: 117 creatures vanquished

Notes
Turn   | Place    | Note
-------+----------+-------------------------------------------
     0 | D:1      | robertstho the Djinni Fire Elementalist began the quest for
                  | the Orb.
     0 | D:1      | Reached XP level 1. HP: 15/15 MP: 0/0
   548 | D:1      | Reached XP level 2. HP: 19/22 MP: 0/0
  1636 | D:1      | Reached XP level 3. HP: 23/26 MP: 0/0
  1636 | D:1      | Learned a level 1 spell: Summon Small Mammal
  1855 | D:2      | Noticed Robin
  1864 | D:1      | Slain by a goblin

Illustrated notes

Levels and vault maps discovered:
D:1:      dpeg_arrival_pond, layout_basic, minmay_misc_feat_hallway,
          minmay_statues_item
D:2:      layout_basic, shapermc_ecumenical_altar_gd, hangedman_decor_points,
          kennysheep_doodads, minmay_fractal_squares_gapless_5, uniq_jessica,
          uniq_terence, uniq_robin

Action                   || total
-------------------------++-------
Melee: Short sword       ||     2
 Cast: Foxfire           ||    65
  Use: Potion            ||     2
       Scroll            ||     1
Armor: Robe              ||     9
Dodge: Dodged            ||    20

Table legend: (Time is in decaauts)
 A = Elapsed time spent in this place.
 B = Non-inter-level travel time spent in this place.
 C = Inter-level travel time spent in this place.
 D = Time resting spent in this place.
 E = Time spent auto-exploring this place.
 F = Levels seen in this place.
 G = Mean time per level.
                   A        B        C        D        E       F      G
               +--------+--------+--------+--------+--------+-----+--------+
         Total |   1863 |   1835 |     28 |      0 |   1679 |   2 |  931.5 |
       Dungeon |   1863 |   1835 |     28 |      0 |   1679 |   2 |  931.5 |
               +--------+--------+--------+--------+--------+-----+--------+

Top non-repeatable levels by time:
     D:1: 1859 daAuts
     D:2: 4 daAuts
